[Event "Early-Titled-Tuesday-Blitz-February-27-2024"]
[Site "Chess.com"]
[Date "2024.02.27"]
[Round "4"]
[White "maurovargas01"]
[Black "mestrefeitosa19"]
[Result "0-1"]
[WhiteElo "1872"]
[BlackElo "2250"]
[TimeControl "180+1"]
[EndTime "8:37:24 PST"]
[Termination "mestrefeitosa19 won on time"]

1. e4 e5 2. Nf3 Nc6 3. d4 exd4 4. Bc4 Bc5 5. c3 Nf6 6. e5 d5 7. Bb5 Ne4 8. cxd4 Bb4+ 9. Nbd2 O-O 10. O-O Bg4 11. Qb3 Nxd2 12. Nxd2 Bxd2 13. Bxd2 Nxd4 14. Qd3 Be2 15. Qxd4 Bxb5 16. Rfc1 c6 17. Re1 Re8 18. f4 Qb6 19. Qxb6 axb6 20. Be3 c5 21. b3 Ra6 22. a4 Bc6 23. Bf2 d4 24. Rec1 Bd5 25. b4 Rc8 26.
bxc5 bxc5 27. Bxd4 Rac6 28. Bf2 c4 29. a5 c3 30. Bd4 c2 31. Ra3 h6 32. Re3 Kh7 33.
Re2 Kg6 34. g3 Bf3 35. Rd2 Bd1 36. Kf2 Kf5 37. Ke3 Rc4 0-1

[Event "Early-Titled-Tuesday-Blitz-February-27-2024"]
[Site "Chess.com"]
[Date "2024.02.27"]
[Round "4"]
[White "whitemirrorninja"]
[Black "Mikhail_Golubev"]
[Result "0-1"]
[WhiteElo "2445"]
[BlackElo "2617"]
[TimeControl "180+1"]
[EndTime "8:37:27 PST"]
[Termination "Mikhail_Golubev won by resignation"]

1. Nf3 d6 2. c3 Nf6 3. d4 g6 4.
Bg5 Bg7 5. Nbd2 O-O 6. e4 c5 7. Bd3 cxd4 8. cxd4 Nc6 9. h3 Nd7 10. Nb3 h6 11. Be3 a5 12. a4 Nb4 13. Bb1 Nb6 14. O-O Nc4 15. Bc1 Bd7 16. Nbd2 Qc7 17. Nxc4 Qxc4 18.
Be3 Rfc8 19. Ra3 Nc2 20. Rc3 Nxe3 21. fxe3 Qb4 22. Qc1 Qxa4 23. e5 dxe5 24. Nxe5 Bxe5 25. dxe5 Rxc3 26. Qxc3 Rc8 27. Qd2 Be6 28. Rf4 Qc6 29.
Kh2 Qc1 30. Qd3 Qxb2 31. Rf3 Qxe5+ 32. Rg3 Rc3 33. Qb5 Qxb5 0-1

[Event "Early-Titled-Tuesday-Blitz-February-27-2024"]
[Site "Chess.com"]
[Date "2024.02.27"]
[Round "4"]
[White "Caracal3000"]
[Black "aRk_iN"]
[Result "1/2-1/2"]
[WhiteElo "2535"]
[BlackElo "2241"]
[TimeControl "180+1"]
[EndTime "8:37:27 PST"]
[Termination "Game drawn by repetition"]

1. e4 e5 2. Nf3 Nc6 3. Nc3 Nf6 4.
d4 exd4 5. Nxd4 Bb4 6. Nxc6 bxc6 7. Bd3 d5 8. Bd2 O-O 9. O-O Bxc3 10. Bxc3 dxe4 11.
Bxf6 Qxf6 12. Bxe4 Qxb2 13. Bxc6 Rb8 14. Rb1 Qxb1 15. Qxb1 Rxb1 16. Rxb1 Be6 17. Rb7 Bxa2 18. Rxc7 a6 19. h4 g6 20. Ra7 Bc4 21. Bb7 Rd8 22.
Bxa6 Rd1+ 23. Kh2 Bxa6 24. Rxa6 Rd2 25. Rc6 Rxf2 26. Kg3 Rf1 27. h5 Kg7 28. c4 Kh6 29. hxg6 hxg6 30. c5 Kg5 31. Rc8 f5 32. c6 f4+ 33.
Kh2 Rc1 34. c7 Rc2 35. Kg1 Kg4 36. Rg8 Rxc7 37. Rxg6+ Kf5 38. Ra6 Kg4 39. Ra3 Rc2 40. Rf3 Rb2 41. Rf1 Rc2 42. Rf3 Rb2 43. Rf1 Rc2 44.
Rf3 1/2-1/2

[Event "Early-Titled-Tuesday-Blitz-February-27-2024"]
[Site "Chess.com"]
[Date "2024.02.27"]
[Round "4"]
[White "SergioMoralesG"]
[Black "Al_Shima"]
[Result "0-1"]
[WhiteElo "2531"]
[BlackElo "2410"]
[TimeControl "180+1"]
[EndTime "8:37:28 PST"]
[Termination "Al_Shima won on time"]

1. d4 Nf6 2. c4 e6 3. Nf3 b6 4. g3 Bb7 5. Bg2 Be7 6. O-O O-O 7. Re1 d6 8. Nc3 Ne4 9. Qc2 Nxc3 10. Qxc3 f5 11. h4 Qc8 12. b4 Nd7 13. a3 Bf6 14.
Bb2 Re8 15. Ng5 Bxg2 16. Kxg2 c5 17. Qd3 h6 18. Nf3 cxd4 19. Bxd4 e5 20. Bb2 e4 21. Qd5+ Kh8 22. Nd4 Ne5 23. Rac1 Qd7 24. Red1 f4 25. Nb5 f3+ 26. Kf1 Qg4 0-1

[Event "Early-Titled-Tuesday-Blitz-February-27-2024"]
[Site "Chess.com"]
[Date "2024.02.27"]
[Round "4"]
[White "ValeriyGrinev"]
[Black "Akewjon"]
[Result "1/2-1/2"]
[WhiteElo "2575"]
[BlackElo "2813"]
[TimeControl "180+1"]
[EndTime "8:37:29 PST"]
[Termination "Game drawn by repetition"]

1. e4 e5 2. Nf3 Nc6 3. Bb5 a6 4. Bxc6 dxc6 5. Nxe5 Qd4 6. Nf3 Qxe4+ 7. Qe2 Qxe2+ 8.
Kxe2 Bd6 9. Re1 Bf5 10. d3 O-O-O 11. Kf1 h6 12. h3 Nf6 13. Nc3 Nd5 14. Nxd5 cxd5 15.
Bd2 Rde8 16. Rxe8+ Rxe8 17. Re1 Rf8 18. a4 Bd7 19. b3 c5 20. Ne5 Be8 21. Nf3 f6 22.
Nh4 Bd7 23. Ng6 Re8 24. Bf4 Kc7 25. Rxe8 Bxe8 26. Bxd6+ Kxd6 27. Nf4 c4 28. d4 g5 29. Ne2 Bg6 30. bxc4 Bxc2 31. c5+ Kc6 32. Nc3 Bb3 33. a5 Bc4+ 34. Ke1 Kd7 35. g3 Ke6 36. g4 h5 37. f3 h4 38. Kf2 Kd7 39. Kg2 Kc6 40.
Kf2 Kd7 41. Kg2 f5 42. Kf2 Ke6 43. Kg2 fxg4 44. fxg4 Bd3 45. Kf2 Bc4 46. Kg2 Kd7 47. Kf2 Kc6 48. Kg2 Bd3 49. Kf2 Bc4 50. Kg2 Bd3 51.
Kf2 Bc4 1/2-1/2

[Event "Early-Titled-Tuesday-Blitz-February-27-2024"]
[Site "Chess.com"]
[Date "2024.02.27"]
[Round "4"]
[White "karinachess1"]
[Black "Kopytkin"]
[Result "1-0"]
[WhiteElo "2632"]
[BlackElo "2456"]
[TimeControl "180+1"]
[EndTime "8:37:30 PST"]
[Termination "karinachess1 won on time"]

1. d4 Nf6 2. c4 d6 3. Nc3 Nc6 4. Nf3 e5 5. d5 Nb8 6. e4 g6 7.
Be2 Bg7 8. O-O a5 9. Ne1 Na6 10. Be3 Nd7 11. Nd3 f5 12. exf5 gxf5 13. Bh5+ Kf8 14.
f4 e4 15. Nf2 Nf6 16. Be2 Nc5 17. Kh1 h5 18. Nb5 Bd7 19. Nd4 Ng4 20. Qd2 Qh4 21. Nh3 b6 22. Rad1 Bf6 23. b3 Re8 24. a3 Bxd4 25. Qxd4 Rg8 26. b4 axb4 27. axb4 Nb3 28.
Qc3 Re7 29. Qxb3 Reg7 30. Rg1 Nxh2 31. Kxh2 Qg3+ 32. Kh1 Rg4 33. Qc3 Rh4 34. Bf1 Kf7 35. Qd2 Rxh3+ 36. gxh3 Qf3+ 37. Kh2 Rxg1 38. Kxg1 1-0

[Event "Early-Titled-Tuesday-Blitz-February-27-2024"]
[Site "Chess.com"]
[Date "2024.02.27"]
[Round "4"]
[White "Kostya0705"]
[Black "LangesNasenhaar"]
[Result "1-0"]
[WhiteElo "2574"]
[BlackElo "2401"]
[TimeControl "180+1"]
[EndTime "8:37:31 PST"]
[Termination "Kostya0705 won by checkmate"]

1. e4 g6 2. d4 Bg7 3. Nc3 c6 4. Nf3 d5 5. e5 Bg4 6. h3 Bxf3 7. Qxf3 f6 8. exf6 Nxf6 9. Bf4 O-O 10. Qe3 c5 11. O-O-O cxd4 12. Rxd4 Nc6 13. Qe6+ Kh8 14.
Rd1 d4 15. Bc4 Nh5 16. Bh2 Rxf2 17. Ne4 Rxg2 18. Rdg1 Rxg1+ 19. Rxg1 Qf8 20. Rf1 Nf6 21. Ng5 Nd8 22. Qe5 h6 23. Ne4 Nc6 24. Qe6 Qc8 25.
Qf7 Qxh3 26. Nxf6 exf6 27. Qxg6 Qxh2 28. Bd3 Kg8 29. Rxf6 Qh1+ 30. Rf1 Qd5 31. Qh7# 1-0

[Event "Early-Titled-Tuesday-Blitz-February-27-2024"]
[Site "Chess.com"]
[Date "2024.02.27"]
[Round "4"]
[White "Kazancev_Valerij_M"]
[Black "CristianS27"]
[Result "1-0"]
[WhiteElo "2397"]
[BlackElo "2522"]
[TimeControl "180+1"]
[EndTime "8:37:31 PST"]
[Termination "Kazancev_Valerij_M won by resignation"]

1. c4 g6 2. h4 Bg7 3. h5 d6 4. Nc3 c5 5. d3 Nc6 6. h6 Bf8 7.
a3 e5 8. Rb1 Be6 9. Nf3 Be7 10.
b4 b6 11. g3 Nf6 12. Ng5 Bd7 13. Bg2 O-O 14. b5 Nd4 15. Bxa8 Qxa8 16. e4 Bg4 17. f3 Bd7 18. g4 Ne8 19. Nd5 Bd8 20.
Be3 Nc7 21. Nxc7 Bxc7 22. Bxd4 exd4 23. f4 d5 24. cxd5 Bxf4 25. Nh3 Bg3+ 26. Kd2 Be5 27. Ng1 Qc8 28. Nf3 Bf4+ 29. Kc2 Bxg4 30. Qf1 Be3 31. Nd2 Bd7 32. Nc4 Qe8 33. a4 f5 34. e5 f4 35. e6 Bc8 36. Qh3 Rf5 37. Nd6 Qf8 38. Nxf5 Qxf5 39. Qxf5 gxf5 40. Rbg1+ Bxg1 41. Rxg1+ Kf8 42. Rg7 1-0

[Event "Early-Titled-Tuesday-Blitz-February-27-2024"]
[Site "Chess.com"]
[Date "2024.02.27"]
[Round "4"]
[White "Christ_is_alive"]
[Black "dianamirza"]
[Result "1-0"]
[WhiteElo "2280"]
[BlackElo "1993"]
[TimeControl "180+1"]
[EndTime "8:37:31 PST"]
[Termination "Christ_is_alive won by checkmate"]

1. e4 c5 2. Nf3 Nc6 3. d4 cxd4 4. Nxd4 a6 5. Nc3 e6 6. Be3 Qc7 7. Qd2 Nf6 8. f3 Be7 9. g4 b5 10. g5 Nh5 11. O-O-O Ne5 12. f4 Nc4 13. Bxc4 Qxc4 14. Kb1 Bb7 15. Nf5 exf5 16. Qxd7+ Kf8 17. Qxb7 Re8 18.
exf5 Bb4 19. Rhe1 Nxf4 20. Bc5+ Bxc5 21. Rxe8+ Kxe8 22. Qd7+ Kf8 23. Qd8# 1-0

[Event "Early-Titled-Tuesday-Blitz-February-27-2024"]
[Site "Chess.com"]
[Date "2024.02.27"]
[Round "4"]
[White "BilicVladimir"]
[Black "Manukyan_Artak"]
[Result "1-0"]
[WhiteElo "2689"]
[BlackElo "2491"]
[TimeControl "180+1"]
[EndTime "8:37:32 PST"]
[Termination "BilicVladimir won by resignation"]

1. Nf3 g6 2. d4 Bg7 3. c4 d6 4. Nc3 Nf6 5. g3 O-O 6. Bg2 c5 7. O-O Nc6 8. d5 Ne5 9. Nxe5 dxe5 10. e4 e6 11. dxe6 Bxe6 12. Nd5 Bxd5 13. cxd5 b5 14. a4 a6 15. b3 Qb6 16. Be3 a5 17. Qd3 Ng4 18. Bd2 Rfb8 19. h3 Nh6 20. Rfc1 f6 21. Be3 Bf8 22. Bf1 b4 23. Rc2 Nf7 24. Rac1 Rc8 25.
Qb5 Qxb5 26. Bxb5 Nd6 27. Bd3 f5 28. f3 fxe4 29. fxe4 Nb7 30. Kg2 Bd6 31. Bb5 Rc7 32. Bc6 Rac8 33. Rc4 Rxc6 34. dxc6 Rxc6 35. Rd1 Kf7 36.
Rd5 Ke6 37. Kf3 h5 38. g4 hxg4+ 39. Kxg4 Be7 40. Bg5 Bxg5 41. Kxg5 Nd6 42. Rxd6+ Kxd6 43. Kxg6 Ke6 44. h4 Rd6 45. Rxc5 Rd3 46. Rxa5 Rxb3 47.
Rb5 Rg3+ 48. Kh5 b3 49. a5 Kd6 50. a6 Kc6 51. a7 Rg8 52. Rb8 b2 53. a8=Q+ 1-0

[Event "Early-Titled-Tuesday-Blitz-February-27-2024"]
[Site "Chess.com"]
[Date "2024.02.27"]
[Round "4"]
[White "Batica1984"]
[Black "124chess"]
[Result "0-1"]
[WhiteElo "2744"]
[BlackElo "2523"]
[TimeControl "180+1"]
[EndTime "8:37:35 PST"]
[Termination "124chess won on time"]

1. e4 d5 2. exd5 Qxd5 3. Nc3 Qd6 4. d4 Nf6 5. Nf3 Nc6 6. Nb5 Qd8 7. c4 a6 8. Nc3 Bg4 9. d5 Ne5 10. Be2 Bxf3 11.
gxf3 e6 12. f4 Ng6 13. Qb3 exd5 14. Qxb7 Bd6 15. Qc6+ Kf8 16. Nxd5 Nxd5 17. Qxd5 Bxf4 18. Bf3 Qe7+ 19. Kf1 Rd8 20. Qe4 Qxe4 21. Bxe4 Bxc1 22. Rxc1 Nf4 23. Rg1 h5 24. Rg5 Rd4 25. Bf3 Rh6 26. b3 Rf6 27. Rd1 Rxd1+ 28. Bxd1 g6 29. f3 Rd6 30. Ke1 Nd3+ 31. Ke2 Nc1+ 32. Ke1 Nxa2 33. Rc5 c6 34. f4 Nb4 35. Bf3 Nd3+ 0-1

[Event "Early-Titled-Tuesday-Blitz-February-27-2024"]
[Site "Chess.com"]
[Date "2024.02.27"]
[Round "4"]
[White "Hananmo"]
[Black "GMJustin"]
[Result "1-0"]
[WhiteElo "2524"]
[BlackElo "2331"]
[TimeControl "180+1"]
[EndTime "8:37:35 PST"]
[Termination "Hananmo won on time"]

1. Nf3 Nf6 2. g3 d5 3. Bg2 b6 4.
c4 e6 5. O-O Bb7 6. Ne5 Be7 7.
d4 O-O 8. Nc3 Qc8 9. cxd5 exd5 10.
Bf4 c6 11. Rc1 Qe6 12. a3 Nbd7 13. e4 dxe4 14. Nxe4 Nd5 15. Nxd7 Qxd7 16. Bd2 a5 17. Re1 Rfe8 18. Nc3 Nxc3 19. Bxc3 Bg5 20. Ra1 Rxe1+ 21. Qxe1 Re8 22. Qd1 Bf6 23. Qb3 Bxd4 24. Rd1 c5 25.
Bxd4 cxd4 26. Qxb6 Bxg2 27. Kxg2 Qd5+ 28. Kg1 d3 29.
Qa6 d2 30. Qf1 Qd4 31. b3 Qc3 32. Kg2 Re1 33. Qxe1 Qc6+ 34. Kg1 1-0

[Event "Early-Titled-Tuesday-Blitz-February-27-2024"]
[Site "Chess.com"]
[Date "2024.02.27"]
[Round "4"]
[White "joksijoksi"]
[Black "newauto"]
[Result "1-0"]
[WhiteElo "2487"]
[BlackElo "2222"]
[TimeControl "180+1"]
[EndTime "8:37:35 PST"]
[Termination "joksijoksi won by resignation"]

1. e4 c6 2. d4 d5 3. exd5 cxd5 4.
Bd3 Nc6 5. c3 Nf6 6. Bf4 g6 7. h3 Bg7 8. Nf3 O-O 9. O-O Bf5 10.
Bxf5 gxf5 11. Nbd2 Ne4 12. Ne5 Nxe5 13. Bxe5 e6 14.
Bxg7 Kxg7 15. Nf3 Qb6 16. Qe2 Qa6 17. Qe3 b5 18. Ne5 Qd6 19. f3 f6 20. fxe4 fxe5 21. exf5 exd4 22. Qg5+ Kh8 23. f6 Rg8 24. Qh6 Qg3 25.
Rf2 Rg6 26. Qh5 dxc3 27. bxc3 Rf8 28. Raf1 Qe3 29. Kh1 Qxc3 30. f7 Qg7 31. Qe2 a6 32. a4 bxa4 33. Qxa6 e5 34. Qxa4 Rd6 35. Qb4 Rdd8 36. Rf6 d4 37. Qe7 h5 38. Qxd8 Rxd8 39. f8=Q+ Rxf8 40. Rxf8+ Kh7 41. R1f7 e4 42. Rxg7+ Kxg7 43. Rd8 e3 44. Rxd4 Kf6 45. Re4 1-0

[Event "Early-Titled-Tuesday-Blitz-February-27-2024"]
[Site "Chess.com"]
[Date "2024.02.27"]
[Round "4"]
[White "campochess"]
[Black "PavelChernomordik"]
[Result "1-0"]
[WhiteElo "2195"]
[BlackElo "2412"]
[TimeControl "180+1"]
[EndTime "8:37:35 PST"]
[Termination "campochess won on time"]

1. Nf3 g6 2. e4 Bg7 3. d4 d6 4. h3 Nf6 5. Nc3 a6 6. Bd3 O-O 7. Qe2 c5 8. e5 dxe5 9. dxe5 Nd5 10.
Nxd5 Qxd5 11. O-O Nc6 12. Bf4 b5 13. Rad1 Qe6 14. Be4 Bb7 15. Ng5 Qc8 16. c3 h6 17.
Nf3 Qc7 18. Qe3 Kh7 19. e6 Qb6 20. exf7 e5 21. Bg3 Rxf7 22. Nh4 Ne7 23. Rd7 Bxe4 24.
Qxe4 Re8 25. Rfd1 Qe6 26. R1d6 Qxa2 27. Rxe7 Rexe7 28. Nxg6 Kg8 29. Nxe7+ Rxe7 30. Rd8+ Bf8 31. Qg6+ Rg7 32. Qd6 Qf7 33. Bxe5 Rg6 34. Qxc5 Qf3 35.
Qd5+ Qxd5 36. Rxd5 Re6 37. f4 Rc6 38. Rd7 a5 39. Ra7 a4 40. Kf1 Rc4 41. Ke2 1-0

[Event "Early-Titled-Tuesday-Blitz-February-27-2024"]
[Site "Chess.com"]
[Date "2024.02.27"]
[Round "4"]
[White "Genghis_K"]
[Black "RandomNoob04"]
[Result "1-0"]
[WhiteElo "2943"]
[BlackElo "2626"]
[TimeControl "180+1"]
[EndTime "8:37:37 PST"]
[Termination "Genghis_K won by resignation"]

1. e4 e5 2. Nf3 Nf6 3. d4 Nxe4 4. Bd3 d5 5. Nxe5 Nd7 6. Nc3 Nxc3 7. bxc3 Bd6 8. O-O O-O 9. Re1 Nxe5 10. dxe5 Bc5 11.
Qh5 g6 12. Qh6 Be6 13. Rb1 Rb8 14. Rb4 Bxb4 15. cxb4 f5 16. Bg5 Qd7 17. Bf6 Rbe8 18.
h4 d4 19. h5 Qf7 20. a3 Bd5 21.
f3 Re6 22. Bxf5 Rxf6 23. exf6 Qxf6 24. hxg6 hxg6 25. Bxg6 Qg7 26. Qh5 c6 27. Re5 d3 28.
cxd3 Rd8 29. Be4 Bf7 30. Qf5 Bg6 31. Qxg6 1-0

[Event "Early-Titled-Tuesday-Blitz-February-27-2024"]
[Site "Chess.com"]
[Date "2024.02.27"]
[Round "4"]
[White "Seochesspie"]
[Black "Truequitos"]
[Result "1-0"]
[WhiteElo "2856"]
[BlackElo "2586"]
[TimeControl "180+1"]
[EndTime "8:37:37 PST"]
[Termination "Seochesspie won by resignation"]

1. e4 e6 2. d4 d5 3. e5 c5 4. c3 Nc6 5. Nf3 Qb6 6. a3 Bd7 7. b4 cxd4 8. cxd4 Rc8 9. Be2 Nh6 10. Bxh6 gxh6 11. O-O Bg7 12. Qd3 O-O 13. Nc3 f6 14. Na4 Qd8 15. exf6 Bxf6 16. Nc5 b6 17. Nxd7 Qxd7 18. Rad1 Qg7 19. Rfe1 Rf7 20. Bf1 Re7 21. g3 Rce8 22. Bh3 Qf7 23. Rc1 Nb8 24. Ne5 Bxe5 25. Rxe5 Nd7 26. Re3 Nf8 27. Rce1 Qf6 28. Rf3 Qg7 29.
Rfe3 Qf6 30. f4 h5 31. Re5 h4 32. Qe3 Kh8 33. f5 Rg7 34. fxe6 hxg3 35. hxg3 Qh4 36. Kh2 Qe7 37. Rxd5 Rg6 38. Re5 Rd8 39. d5 Rd6 40. Bg2 Rg8 41. Rh5 Ng6 42. Qd4+ Rg7 43. Qe4 Kg8 44. Rc1 Rd8 45. Rf1 Qd6 46.
Rhf5 Ne7 47. R5f4 Ng6 48. Rf7 Ne5 49. Rxg7+ Kxg7 50. Qf4 Rf8 51. Qg5+ Ng6 52. Rxf8 Qxf8 53. Qe3 Qd6 54. Be4 Qe5 55. Qf3 Qb2+ 56. Kh3 Qf6 57.
Qxf6+ 1-0

[Event "Early-Titled-Tuesday-Blitz-February-27-2024"]
[Site "Chess.com"]
[Date "2024.02.27"]
[Round "4"]
[White "hmatyi07"]
[Black "Barmen_EV"]
[Result "0-1"]
[WhiteElo "2308"]
[BlackElo "2519"]
[TimeControl "180+1"]
[EndTime "8:37:37 PST"]
[Termination "Barmen_EV won by checkmate"]

1. e4 c5 2. Nf3 Nc6 3. Bb5 e5 4. Nc3 Bd6 5. O-O Nge7 6. d3 a6 7. Bc4 h6 8. a4 O-O 9. Ba2 Bc7 10.
Nd5 Nxd5 11. exd5 Ne7 12. b4 b6 13. d6 Bxd6 14. Bb2 Ng6 15. Bd5 Rb8 16. Re1 Qf6 17. Nd2 Bc7 18. Ne4 Qh4 19. g3 Qh3 20. bxc5 bxc5 21. Bc3 d6 22. Qe2 Ne7 23. Ba2 Nf5 24. Bd2 Bb7 25. Rab1 Nd4 26. Qd1 Bc6 27. Be3 Nf5 28.
Nc3 Qg2# 0-1

[Event "Early-Titled-Tuesday-Blitz-February-27-2024"]
[Site "Chess.com"]
[Date "2024.02.27"]
[Round "4"]
[White "KacperKacprzak"]
[Black "MasterKroket"]
[Result "1-0"]
[WhiteElo "2705"]
[BlackElo "2460"]
[TimeControl "180+1"]
[EndTime "8:37:39 PST"]
[Termination "KacperKacprzak won by resignation"]

1. d4 Nf6 2. c4 g6 3. Nc3 Bg7 4.
e4 d6 5. Be2 e5 6. dxe5 dxe5 7.
Qxd8+ Kxd8 8. Bg5 c6 9. O-O-O+ Ke7 10. Nf3 Nd7 11. b4 a5 12. a3 axb4 13. axb4 Re8 14. Kb2 Kf8 15. c5 h6 16. Bh4 g5 17. Bg3 Nh5 18. Nd2 Nxg3 19. hxg3 Nf6 20. Nc4 Be6 21. Nd6 Red8 22. Ra1 b5 23. cxb6 Rab8 24. Rhd1 Rxb6 25. Ra4 c5 26. Ndb5 Rxd1 27. Bxd1 Nxe4 28. Nxe4 Rxb5 29.
Nxc5 Bd5 30. Bb3 Bxg2 31. Ra7 e4+ 32. Ka3 Bc3 33. Rxf7+ Ke8 34. Nb7 Rxb4 35. Nd6+ Kd8 36. Be6 1-0

[Event "Early-Titled-Tuesday-Blitz-February-27-2024"]
[Site "Chess.com"]
[Date "2024.02.27"]
[Round "4"]
[White "vishwa_vijeta"]
[Black "JoliyRoger"]
[Result "1-0"]
[WhiteElo "2603"]
[BlackElo "2419"]
[TimeControl "180+1"]
[EndTime "8:37:40 PST"]
[Termination "vishwa_vijeta won on time"]

1. e4 c6 2. c4 d5 3. cxd5 cxd5 4. exd5 Qxd5 5. Nc3 Qd6 6. Nf3 e6 7. d4 Nf6 8. Nb5 Qb6 9. Bc4 Bb4+ 10. Bd2 Bxd2+ 11. Qxd2 O-O 12. O-O Rd8 13. Rad1 Nc6 14. Nc3 Nb4 15. Ne5 Nbd5 16. Bb3 Qd6 17. Bc2 Nxc3 18.
bxc3 b6 19. h3 Bb7 20. Qg5 Rac8 21. Rd3 h6 22. Qh4 Qe7 23. Rg3 Kf8 24. f4 Ne8 25.
Qg4 Qf6 26. f5 Ba6 27. Rf2 Nd6 28. fxe6 Qg5 29. Qxg5 hxg5 30. exf7 1-0

[Event "Early-Titled-Tuesday-Blitz-February-27-2024"]
[Site "Chess.com"]
[Date "2024.02.27"]
[Round "4"]
[White "sokidze"]
[Black "deribas12345"]
[Result "0-1"]
[WhiteElo "2772"]
[BlackElo "2574"]
[TimeControl "180+1"]
[EndTime "8:37:41 PST"]
[Termination "deribas12345 won on time"]

1. d4 Nf6 2. c4 c5 3. d5 b5 4. cxb5 a6 5. e3 g6 6. Nc3 Bg7 7. e4 O-O 8. a4 e6 9. dxe6 fxe6 10. Be3 d5 11. Bxc5 Re8 12. Nf3 Nbd7 13. Be3 Nxe4 14.
Nxe4 dxe4 15. Nd4 Ne5 16. Be2 Nd3+ 17. Bxd3 exd3 18. Qxd3 axb5 19. O-O bxa4 20. Rfd1 Bb7 21. f3 Qa5 22. Qe2 Bd5 23. Kh1 Reb8 24. Bf4 Rc8 25. Be5 Bc4 26. Qf2 Qxe5 27. h3 Qf4 28. Nc2 Bb3 0-1

[Event "Early-Titled-Tuesday-Blitz-February-27-2024"]
[Site "Chess.com"]
[Date "2024.02.27"]
[Round "4"]
[White "Felix-Rose"]
[Black "Mikasinski"]
[Result "1-0"]
[WhiteElo "2271"]
[BlackElo "2638"]
[TimeControl "180+1"]
[EndTime "8:37:41 PST"]
[Termination "Felix-Rose won by checkmate"]

1. e4 c5 2. Nf3 d6 3. d4 cxd4 4. Nxd4 Nf6 5. Nc3 g6 6. Be3 Bg7 7. f3 O-O 8. Qd2 Nc6 9. O-O-O Bd7 10. g4 Rc8 11. Kb1 Ne5 12. Be2 Qa5 13. Nb3 Qc7 14. h4 b5 15. h5 b4 16. Nd5 Nxd5 17. exd5 a5 18. Nd4 Nc4 19. Bxc4 Qxc4 20. Bh6 Bxd4 21. Bxf8 Bc3 22. Qh6 Bxb2 23. Rd2 Ba4 24. c3 bxc3 25.
Qg7# 1-0

[Event "Early-Titled-Tuesday-Blitz-February-27-2024"]
[Site "Chess.com"]
[Date "2024.02.27"]
[Round "4"]
[White "aistrel"]
[Black "IlanSchnaider"]
[Result "0-1"]
[WhiteElo "2543"]
[BlackElo "2746"]
[TimeControl "180+1"]
[EndTime "8:37:42 PST"]
[Termination "IlanSchnaider won on time"]

1. d4 d5 2. Bf4 Nf6 3. e3 c5 4. Nc3 cxd4 5. exd4 Bg4 6. Be2 Bd7 7. Nf3 e6 8. O-O a6 9. Ne5 Nc6 10. Re1 Bb4 11.
Bf3 O-O 12. Qd3 Qb6 13. Rad1 Rac8 14. g4 Nxe5 15. dxe5 Ne8 16. Bd2 Bc5 17. Be3 Qxb2 18. Rb1 Qa3 19. Rxb7 Bc6 20. Rb3 Qa5 21. Reb1 Bxe3 22.
Qxe3 d4 23. Qxd4 Bxf3 24. Na4 Bd5 25. Nb6 Rd8 26. c4 Bxc4 27. Nxc4 Qc7 28. Qc3 Rd5 0-1

[Event "Early-Titled-Tuesday-Blitz-February-27-2024"]
[Site "Chess.com"]
[Date "2024.02.27"]
[Round "4"]
[White "DuleMudule"]
[Black "wonderfultime"]
[Result "0-1"]
[WhiteElo "2851"]
[BlackElo "3088"]
[TimeControl "180+1"]
[EndTime "8:37:43 PST"]
[Termination "wonderfultime won by resignation"]

1. d4 d5 2. c4 e6 3. Nc3 Bb4 4.
cxd5 exd5 5. g3 Nf6 6. Bg2 O-O 7. Nf3 c6 8. O-O Re8 9. Ne5 Nbd7 10. Nd3 Bf8 11. Qc2 Nb6 12. Ne5 Ng4 13. Nxg4 Bxg4 14.
h3 Bh5 15. f4 f6 16. g4 Bf7 17. Bd2 Nc4 18. b3 Ne3 19. Bxe3 Rxe3 20. Rf3 Qe7 21. Qd2 Re8 22. Kf2 Re6 23. f5 Rd6 24. Re1 Qc7 25. e4 dxe4 26. Rxe4 Red8 27. Rd3 Qb6 28. Qe3 R6d7 29.
Na4 Qa5 30. Qe1 Bb4 31. Qe3 b5 32. Nc5 Bxc5 0-1

[Event "Early-Titled-Tuesday-Blitz-February-27-2024"]
[Site "Chess.com"]
[Date "2024.02.27"]
[Round "4"]
[White "Pelusiansky"]
[Black "Zohid6"]
[Result "0-1"]
[WhiteElo "2593"]
[BlackElo "2859"]
[TimeControl "180+1"]
[EndTime "8:37:43 PST"]
[Termination "Zohid6 won by resignation"]

1. d4 e6 2. c4 b6 3. Nc3 Bb4 4. Qc2 Bb7 5. a3 Bxc3+ 6. Qxc3 Nf6 7. f3 d5 8. e3 O-O 9. b4 c5 10. bxc5 bxc5 11. Rb1 Ba6 12. dxc5 Nc6 13. cxd5 Nxd5 14.
Qd2 Bxf1 15. Kxf1 Ne5 16. Ne2 Qc7 17. e4 Nf6 18. Qd6 Qxd6 19. cxd6 Rfd8 20. Bf4 Nd3 21. Rd1 Nxf4 22. Nxf4 Rac8 23. e5 Nd7 24. Nd3 Rc2 25. Re1 Rd2 26. Nf2 Rc8 27. Ne4 Ra2 28. f4 Rc4 29. g3 Rcc2 30. Rb1 f5 31. Ng5 Nb6 32. Nh3 h6 33. Rd1 Nc4 34. Rd3 Rc1+ 0-1

[Event "Early-Titled-Tuesday-Blitz-February-27-2024"]
[Site "Chess.com"]
[Date "2024.02.27"]
[Round "4"]
[White "FoggyMorning"]
[Black "lilleper1"]
[Result "1-0"]
[WhiteElo "2633"]
[BlackElo "2923"]
[TimeControl "180+1"]
[EndTime "8:37:45 PST"]
[Termination "FoggyMorning won by resignation"]

1. e4 c5 2. Nf3 d6 3. d4 cxd4 4. Nxd4 Nf6 5. Nc3 a6 6. h3 e5 7. Nde2 h5 8. Bg5 Be6 9. Bxf6 Qxf6 10. Nd5 Qd8 11. Nec3 Nd7 12. Be2 g6 13. a4 Bh6 14.
a5 O-O 15. Ra3 Rc8 16. b4 Qg5 17. h4 Qd8 18. g3 f5 19. exf5 Bxf5 20. O-O Bh3 21.
Re1 Kh7 22. Ne4 Nb8 23. Nb6 Rc6 24. Rd3 Bf5 25. Rxd6 Qe7 26. Nd5 Rxd6 27. Nxe7 Rxd1 28. Bxd1 Bh3 29. Be2 Rd8 30. Bd3 Kg7 31. Ng5 Kf6 32.
Nxg6 Bg4 33. Nxe5 Bc8 34. Nef7 1-0

[Event "Early-Titled-Tuesday-Blitz-February-27-2024"]
[Site "Chess.com"]
[Date "2024.02.27"]
[Round "4"]
[White "m_ezat"]
[Black "thebeast2900"]
[Result "1-0"]
[WhiteElo "2514"]
[BlackElo "2303"]
[TimeControl "180+1"]
[EndTime "8:37:45 PST"]
[Termination "m_ezat won by resignation"]

1. d4 Nf6 2. c4 e6 3. Nc3 Bb4 4. Qc2 d5 5. a3 Bxc3+ 6. Qxc3 dxc4 7. Qxc4 O-O 8. Bg5 b6 9. Nf3 Ba6 10. Qc2 Nbd7 11. e4 Bxf1 12. Rxf1 h6 13. Bh4 Qc8 14.
O-O-O Qb7 15. Rfe1 c5 16. d5 exd5 17. exd5 Rfe8 18.
d6 Rxe1 19. Rxe1 Re8 20. Re7 Qd5 21. Qd2 Qxd2+ 22. Nxd2 Rxe7 23. dxe7 Ne8 24. Nc4 f6 25. f4 Kf7 26. f5 Kxe7 27. Bg3 b5 28. Na5 Nd6 29.
Nc6+ Kf7 30. Bxd6 1-0

[Event "Early-Titled-Tuesday-Blitz-February-27-2024"]
[Site "Chess.com"]
[Date "2024.02.27"]
[Round "4"]
[White "burbur555"]
[Black "Quattroporte300"]
[Result "1-0"]
[WhiteElo "2557"]
[BlackElo "2399"]
[TimeControl "180+1"]
[EndTime "8:37:46 PST"]
[Termination "burbur555 won by resignation"]

1. Nf3 c5 2. e3 Nc6 3. d4 cxd4 4. exd4 d5 5. c3 Nf6 6. Bd3 Bg4 7. Nbd2 e6 8. h3 Bh5 9. Qb3 Qb6 10. Qxb6 axb6 11. Ne5 Nd7 12. f4 f6 13. Nxd7 Kxd7 14. g4 Bf7 15. a3 Bd6 16. Nf3 h6 17. h4 Rhe8 18. Kf2 Na5 19. Be3 Nc4 20. Bxc4 dxc4 21.
h5 b5 22. Rae1 Kc6 23. Nd2 Bg8 24. Ne4 Bf8 25. g5 Bh7 26. g6 Bg8 27. Ng3 e5 28.
dxe5 fxe5 29. fxe5 Rxe5 30. Bd4 Rxe1 31. Rxe1 Bd5 32.
Nf5 Rd8 33. Bxg7 Bxg7 34. Nxg7 Rf8+ 35. Kg3 Rf3+ 36. Kg4 Rf2 37. Nf5 Kc5 38. Ne7 Rg2+ 39.
Kf4 Rf2+ 40. Ke5 Rh2 41. Nxd5 Rxh5+ 42. Kf6 Rxd5 43. Re5 1-0